 Dungeon Crawl Stone Soup version 0.22-a0-293-gc9362ec (webtiles) character file.

53 matakusis the Caller (level 3, 0/19 HPs)
             Began as a Deep Elf Summoner on Mar 24, 2018.
             Killed from afar by Natasha (9 damage)
             ... with a wand of flame (23)
             ... on level 2 of the Dungeon.
             The game lasted 00:05:44 (1469 turns).

matakusis the Caller (Deep Elf Summoner)            Turns: 1469, Time: 00:05:45

Health: 0/19       AC:  3    Str:  5    XL:     3   Next: 64%
Magic:  2/10       EV: 13    Int: 20    God:
Gold:   80         SH:  0    Dex: 15    Spells: 6/9 levels left

rFire    . . .     SeeInvis .   (no weapon)
rCold    . . .     Gourm    .   (no shield)
rNeg     . . .     Faith    .   a - +0 robe
rPois    .         Spirit   .   (no helmet)
rElec    .         Reflect  .   (no cloak)
rCorr    .         Harm     .   (no gloves)
MR       .....                  m - +0 pair of boots
Stlth    ++........             (no amulet)
HPRegen  0.06/turn              (no ring)
MPRegen  0.12/turn              (no ring)

@: very slightly contaminated
A: no striking features
a: no special abilities


You were on level 2 of the Dungeon.
You were not hungry.

You visited 1 branch of the dungeon, and saw 2 of its levels.

You collected 80 gold pieces.

Inventory:

Missiles
 j - 53 arrows
Armour
 a - a +0 robe (worn)
 m - a +0 pair of boots (worn)
Scrolls
 d - 2 scrolls of identify
 f - 2 scrolls of remove curse
Potions
 b - 2 potions of flight
 e - 2 potions of berserk rage
 g - a potion of degeneration {unknown}
 h - 2 potions of lignification
 i - a potion of might {unknown}
 k - a potion of brilliance
Comestibles
 c - 4 rations
 n - 6 chunks of flesh


   Skills:
 - Level 2.4 Dodging
 - Level 2.4 Stealth
 + Level 3.9 Spellcasting
 * Level 5.5 Summonings


You had 6 spell levels left.
You knew the following spells:

 Your Spells              Type           Power        Failure   Level  Hunger
a - Summon Small Mammal   Summ           ####         1%          1    None
b - Call Imp              Summ           ####....     1%          2    ##.....


Dungeon Overview and Level Annotations

Branches:
Dungeon (2/15)

Altars:
Ru

Annotations:
D:2 Natasha


Message History

an uncursed club; an uncursed hunting sling; 3 stones; a goblin corpse You butcher the goblin corpse.
n - 6 chunks of flesh (gained 3)
Things that are here:
an uncursed club; an uncursed hunting sling; 3 stones Natasha, Servant of Life and Death comes into view.
Casting: Call Imp (safe; 1% risk of failure)
Confirm with . or Enter, or press ? or * to list all spells.
You miscast Call Imp.
You are very lightly contaminated with residual magic.
Nothing appears to happen.
Natasha hisses angrily.
Natasha stares at you and mumbles some strange words.
The magic dart hits you!
Found 16 gold pieces.
Casting: Call Imp (safe; 1% risk of failure)
Confirm with . or Enter, or press ? or * to list all spells.
You miscast Call Imp.
Nothing appears to happen.
Natasha zaps a wand.
The puff of flame hits you!
You die...

,,,,,,*#.##.##........#
,,,,,,*#.##.###.......#
,,,,,,*#.#*.# #.......#
,,,,,,*#.#*,* #.......#
,,,,,,**,**,* #......##
,,,,,,**,#*,* ##5....#
****+***,...##*#5....#
,,,,** **....$.#5....#
****** *,..h...'@.>..#
+,,,,* *,......#.....#
*,,,,* *,...####.....#
,,,,,* *,.#,* #.....#
,,,,,* *,,*,* #.....#
,,,,,* *,,*,* #######
,,,,,* *,,*,*
,,,,****,,*,* ,,,**
*,,,*,*


You could see Natasha, a friendly iron imp, a friendly crimson imp and a
friendly shadow imp.

Vanquished Creatures
  A bat (D:1)
1 creature vanquished.

Vanquished Creatures (collateral kills)
  Natasha (D:2)
  2 adders (D:2)
  A worm (D:2)
  3 leopard geckos (D:1)
  A giant cockroach (D:2)
  7 hobgoblins
  7 kobolds
  5 bats
  2 frilled lizards (D:2)
  7 goblins
  6 rats
42 creatures vanquished.

Vanquished Creatures (others)
  8 toadstools (D:2)
8 creatures vanquished.

Grand Total: 51 creatures vanquished

Notes
Turn   | Place    | Note
-------+----------+-------------------------------------------
     0 | D:1      | matakusis the Deep Elf Summoner began the quest for the Orb.
     0 | D:1      | Reached XP level 1. HP: 10/10 MP: 6/6
   504 | D:1      | Reached XP level 2. HP: 12/15 MP: 5/8
   508 | D:1      | Learned a level 2 spell: Call Imp
   689 | D:1      | Reached skill level 5 in Summonings
   779 | D:2      | Noticed Natasha
   785 | D:2      | Killed Natasha
   785 | D:2      | Reached XP level 3. HP: 2/19 MP: 5/10
  1189 | D:2      | Found a sacrificial altar of Ru.
  1219 | D:2      | Found a sacrificial altar of Ru.
  1466 | D:2      | Noticed Natasha
  1469 | D:2      | Killed from afar by Natasha

Vault maps used:
D:1:      evilmike_arrival_plus
D:2:      cheibrodos_fertilizer, overflow_temple_1_default, lemuel_statue_altar,
          uniq_natasha

Skill      XL: |  1  2 |
---------------+-------+-----
Summonings     | 5 |  5.5
Dodging        | |  2.4
Stealth        | |  2.4
Spellcasting   | |  3.9

Action                   || total
-------------------------++-------
Melee: Unarmed           ||    15
 Cast: Summon Small Mamm ||    38
       Call Imp          ||    20
  Use: Scroll            ||    10
  Eat: Chunk             ||     2
Armor: Robe              ||    11
Dodge: Dodged            ||    43

Table legend:
 A = Spawn XP
 B = Non-spawn XP
 C = Spawn XP percentage of total XP
 D = Spawn monster count
 E = Non-spawn monster count
 F = Spawn count percentage of total count
 G = Total turns spent on level
                    A         B        C        D         E        F      G
               +---------+---------+-------+---------+---------+-------+---------
         Total |       0 |      77 |   0.0 |       0 |      43 |   0.0 |  1469
               +---------+---------+-------+---------+---------+-------+---------
           D:1 |       0 |      27 |   0.0 |       0 |      24 |   0.0 |   777
           D:2 |       0 |      50 |   0.0 |       0 |      19 |   0.0 |   692
               +---------+---------+-------+---------+---------+-------+---------
